 Dungeon Crawl Stone Soup version 0.28-a0-1159-g27aa881441 (webtiles) character file.

Game seed: 12768833435383309983

129 yoda5477 the Skirmisher (level 4, -4/35 HPs)
             Began as a Demonspawn Transmuter on Dec 14, 2021.
             Slain by an orc priest (6 damage)
             ... on level 3 of the Dungeon on Dec 15, 2021.
             The game lasted 00:15:31 (3254 turns).

yoda5477 the Skirmisher (Demonspawn Transmuter)     Turns: 3254, Time: 00:15:31

Health: -4/35      AC:  7    Str: 12    XL:     4   Next: 88%
Magic:  15/16      EV: 11    Int: 14    God:
Gold:   34         SH:  0    Dex: 14    Spells: 6/7 levels left

rFire   . . .      SeeInvis .   f - +0 dagger
rCold   . . .      Faith    .   (no shield)
rNeg    . . .      Spirit   .   d - +0 ring mail
rPois   .          Reflect  .   (helmet currently unavailable)
rElec   .          Harm     .   (no cloak)
rCorr   .          Rampage  .   (no gloves)
Will    .....                   (boots currently unavailable)
Stlth   +.........              (no amulet)
HPRegen 0.11/turn               r - ring of magical power
MPRegen 0.15/turn               (no ring)

@: appendages, very slightly contaminated
A: horns 2, talons 2, icy blue scales 1, demonic guardian 1
a: End Transformation


You were on level 3 of the Dungeon.
You had temporarily grown beastly horns and talons.
You visited 1 branch of the dungeon, and saw 3 of its levels.

You collected 34 gold pieces.

Inventory:

Hand Weapons
 e - a +0 trident
 f - a +0 dagger (weapon)
 m - a +0 whip
 o - a +0 falchion
 p - a +0 flail
 q - a +0 hand axe
 t - a +0 hunting sling
Missiles
 h - 36 stones (quivered)
 s - 6 datura-tipped darts
Armour
 a - a +0 robe
 d - a +0 ring mail (worn)
 g - a +0 chain mail
 j - a +0 helmet (melded)
 v - a +0 leather armour
Jewellery
 r - a ring of magical power (left hand)
Scrolls
 b - a scroll of amnesia {unknown}
 c - 4 scrolls of identify {unknown}
 k - 2 scrolls of enchant weapon {unknown}
 l - 2 scrolls of immolation {unknown}
 u - a scroll of vulnerability {unknown}
Potions
 i - 2 potions of heal wounds {unknown}
 n - a potion of flight {unknown}


   Skills:
 * Level 3.1 Fighting
 + Level 2.5 Dodging
 - Level 2.0 Stealth
 - Level 2.6 Unarmed Combat
 - Level 2.0 Spellcasting
 + Level 2.4 Transmutations


You had 6 spell levels left.
You knew the following spells:

 Your Spells              Type           Power      Damage    Failure   Level
a - Beastly Appendage     Tmut           16%        N/A       21%         1

Your spell library contained the following spells:

 Spells                   Type           Power      Damage    Failure   Level
 Wereblood                Tmut           8%         N/A       30%         2
 Spider Form              Tmut/Pois      4%         N/A       69%         3
 Ice Form                 Ice/Tmut       4%         N/A       97%         4


Dungeon Overview and Level Annotations

Branches:
Dungeon (3/15)

Altars:

Shops:
D:2 [


Innate Abilities, Weirdness & Mutations

You have temporarily grown beastly horns and talons.
You are partially covered in icy blue scales. (AC +2)
A weak demonic guardian rushes to your aid.


Message History

You start resting.
Your horns disappear.
Your talons disappear.
Your +0 helmet unmelds from your body.
You swap places.
You hit the orc priest.
The orc priest is heavily wounded.
The orc priest barely misses you.
You hit the orc priest.
The orc priest is severely wounded.
The orc priest hits you but does no damage.
The orc priest closely misses you.
Casting: Beastly Appendage (safe; 21% risk of failure)
Confirm with . or Enter, or press ? or * to list all spells.
You miscast Beastly Appendage.
You are very lightly contaminated with residual magic.
Nothing appears to happen.
Your ufetubus disappears in a puff of smoke!
The orc priest hits you with a +0 mace.
* * * LOW HITPOINT WARNING * * *
Casting: Beastly Appendage (safe; 21% risk of failure)
Confirm with . or Enter, or press ? or * to list all spells.
You grow a pair of large bovine horns.
Your feet morph into talons.
Your +0 helmet melds into your body.
The orc priest hits you with a +0 mace.
* * * LOW HITPOINT WARNING * * *
You closely miss the orc priest.
The orc priest is severely wounded.
The orc priest hits you with a +0 mace.
* * * LOW HITPOINT WARNING * * *
You closely miss the orc priest. Your kick misses the orc priest.
Your headbutt misses the orc priest.
The orc priest is severely wounded.
The orc priest invokes the aid of Beogh against you.
Pain shoots through your body!
* * * LOW HITPOINT WARNING * * *
A demonic guardian appears!
The orc priest closely misses you.
Your white imp misses the orc priest.
You hit the orc priest but do no damage.
The orc priest is severely wounded.
The orc priest hits you with a +0 mace.
You die...

######### #
#)..<.5.#
#.#.#####o#
#.#.# #@# #
#...# #.###..##
###.# #.......#
#.#####.###.##.
#.......#
#######.###.#
#.oo...†....##
#.#####......#
#.# #........#


You could see an orc priest (ally target) and a friendly white imp (summoned).

Vanquished Creatures
  3 adders (D:2)
  4 dart slugs
  6 orcs
  5 bats
  5 endoplasms
  3 giant cockroaches
  7 goblins
  4 hobgoblins
  6 jackals (D:1)
  A quokka (D:2)
  7 ball pythons
  3 frilled lizards
  3 kobolds
  4 rats
  A spectral hobgoblin (D:1)
62 creatures vanquished.

Vanquished Creatures (collateral kills)
  An adder (D:2)
  A dart slug (D:2)
  2 orcs
  A bat (D:2)
  An endoplasm (D:2)
  A giant cockroach (D:2)
  A kobold (D:2)
8 creatures vanquished.

Grand Total: 70 creatures vanquished

Notes
Turn   | Place    | Note
-------+----------+-------------------------------------------
     0 | D:1      | yoda5477 the Demonspawn Transmuter began the quest for the
                  | Orb.
     0 | D:1      | Reached XP level 1. HP: 15/15 MP: 3/3
     3 | D:1      | You fall into a shaft and drop 1 floor!
   387 | D:1      | Gained mutation: You are partially covered in icy blue
                  | scales. (AC +2) [demonic ancestry]
   387 | D:1      | Reached XP level 2. HP: 14/21 MP: 3/5
   415 | D:1      | Reached skill level 1 in Stealth
   755 | D:1      | Found a faded altar of an unknown god.
   878 | D:1      | Gained mutation: A weak demonic guardian rushes to your
                  | aid. [demonic ancestry]
   878 | D:1      | Reached XP level 3. HP: 26/27 MP: 4/6
  1175 | D:2      | Upgraded the game from 0.28-a0-1152-g9c71ebef14 to
                  | 0.28-a0-1159-g27aa881441
  1184 | D:2      | Reached skill level 2 in Fighting
  1212 | D:2      | Found Ixeac's Antique Armour Emporium.
  1842 | D:2      | Reached XP level 4. HP: 30/34 MP: 5/7
  2681 | D:3      | Reached skill level 3 in Fighting
  3254 | D:3      | Slain by an orc priest

Illustrated notes

Levels and vault maps discovered:
D:1:      matt_arrival_los_fun, layout_basic,
          dreamdust_ecumenical_altar_drowned_temple
D:2:      minmay_razor_zed, layout_rooms, serial_shops, shop_fountains
D:3:      layout_loops_corners, kennysheep_generic_room_7, uniq_sigmund

Skill      XL: |  1  2  3  4 |
---------------+-------------+-----
Stealth        | 1 2 |  2.0
Transmutations | 2 |  2.4
Dodging        | 2 |  2.5
Fighting       | 2 3 |  3.1
Unarmed Combat | |  2.6
Spellcasting   | |  2.0

Action                   |  1- 3 |  4- 6 || total
-------------------------+-------+-------++-------
Melee: Unarmed           |    26 |       ||    26
       Kick              |    32 |    12 ||    44
       Headbutt          |    14 |    12 ||    26
       Dagger            |   127 |    80 ||   207
       Punch             |     1 |       ||     1
Throw: Stone             |     5 |       ||     5
 Cast: Beastly Appendage |    29 |    19 ||    48
Armor: Robe              |    28 |       ||    28
       Ring mail         |    27 |    25 ||    52
Dodge: Dodged            |   104 |    58 ||   162

Table legend: (Time is in decaauts)
 A = Elapsed time spent in this place.
 B = Non-inter-level travel time spent in this place.
 C = Inter-level travel time spent in this place.
 D = Time resting spent in this place.
 E = Time spent auto-exploring this place.
 F = Levels seen in this place.
 G = Mean time per level.
                   A        B        C        D        E       F      G
               +--------+--------+--------+--------+--------+-----+--------+
         Total |   3262 |   3095 |    167 |   1218 |    645 |   3 | 1087.3 |
       Dungeon |   3262 |   3095 |    167 |   1218 |    645 |   3 | 1087.3 |
               +--------+--------+--------+--------+--------+-----+--------+

Top non-repeatable levels by time:
     D:2: 1862 daAuts
     D:1: 1161 daAuts
     D:3: 239 daAuts
